 Dungeon Crawl Stone Soup version 0.22-a0-538-g76cc104 (webtiles) character file.

142 Hebeh the Shield-Bearer (level 5, -9/47 HPs)
             Began as a Minotaur Fighter on June 23, 2018.
             Was an Initiate of Trog.
             Killed by divine providence
             ... invoked by an orc priest
              (12 damage)
             ... on level 3 of the Dungeon.
             The game lasted 00:03:57 (2114 turns).

Hebeh the Shield-Bearer (Minotaur Fighter)          Turns: 2114, Time: 00:03:57

Health: -9/47      AC:  7    Str: 22    XL:     5   Next: 3%
Magic:  4/4        EV:  7    Int:  5    God:    Trog [......]
Gold:   126        SH:  9    Dex:  9    Spells: 4/4 levels left

rFire    . . .     SeeInvis .   a - +0 war axe
rCold    . . .     Gourm    .   c - +0 shield
rNeg     . . .     Faith    .   b - +0 scale mail
rPois    .         Spirit   .   (helmet restricted)
rElec    .         Reflect  .   (no cloak)
rCorr    .         Harm     .   (no gloves)
MR       .....                  (no boots)
Stlth    ..........             (no amulet)
HPRegen  0.15/turn              (no ring)
MPRegen  0.09/turn              (no ring)

@: no status effects
A: retaliatory headbutt, horns 2
a: Renounce Religion


You were on level 3 of the Dungeon.
You worshipped Trog.
Trog was noncommittal.
You were not hungry.

You visited 1 branch of the dungeon, and saw 3 of its levels.

You collected 126 gold pieces.

Inventory:

Hand Weapons
 a - a +0 war axe (weapon)
Armour
 b - a +0 scale mail (worn)
 c - a +0 shield (worn)
Scrolls
 e - a scroll of identify {unknown}
 h - a scroll of immolation {unknown}
 l - 2 scrolls of remove curse {unknown}
 m - a scroll of enchant weapon {unknown}
Potions
 d - a potion of might
 g - a potion of ambrosia {unknown}
 j - 2 potions of curing {unknown}
 k - a potion of experience {unknown}
Comestibles
 f - 2 rations
 i - 2 chunks of flesh


   Skills:
 + Level 4.4 Fighting
 * Level 4.4 Axes
 + Level 4.4 Armour
 + Level 4.5 Shields


You had 4 spell levels left.
You didn't know any spells.
Your spell library was empty.

Dungeon Overview and Level Annotations

Branches:
Dungeon (3/15)

Altars:
Hepliaklqana
Sif Muna
Trog


Innate Abilities, Weirdness & Mutations

You reflexively headbutt those who attack you in melee.
You have a pair of horns on your head.


Message History

You closely miss the ice beast.
The ice beast is heavily wounded.
You barely miss the orc priest. You block the orc priest's attack.
You block the ice beast's attack.
You hit the ice beast but do no damage.
The ice beast is heavily wounded.
You closely miss the orc priest. You block the ice beast's attack.
You block the orc priest's attack.
You hit the orc priest.
The orc priest is moderately wounded.
You hit the ice beast but do no damage. You block the ice beast's attack.
The orc priest hits you with a flail.
* * * LOW HITPOINT WARNING * * *
You block the ice beast's attack.
You closely miss the orc priest.
The orc priest is moderately wounded.
You hit the ice beast but do no damage.
The orc priest invokes the aid of Beogh against you.
Beogh smites you!
You die...

.#........# .#......###
..# ........# #..
#.#....## ####.###
#......# #<##.#.#
#......# #.##...# #
.......# ##...%..#.###
#......# #.....?.....#
##.##.## #.....@Y#..
##....#####.....o)......
###.#.............#...##
# #....###(.......# ....
###....# #).......# .##
.......# #........# #
###.#..# #..........
###.#..# #...........
#...#>.....#.........


You could see an ice beast and an orc priest.

Vanquished Creatures
  Jessica (D:2)
  Robin (D:2)
  2 adders
  2 oozes
  A dart slug (D:1)
  A worm (D:3)
  A leopard gecko (D:1)
  4 orcs (D:3)
  A giant cockroach (D:2)
  9 goblins
  5 hobgoblins (D:2)
  6 jackals (D:1)
  2 quokkas
  2 ball pythons
  6 bats
  3 frilled lizards
  14 kobolds
  5 rats
66 creatures vanquished.

Notes
Turn   | Place    | Note
-------+----------+-------------------------------------------
     0 | D:1      | Hebeh the Minotaur Fighter began the quest for the Orb.
     0 | D:1      | Reached XP level 1. HP: 19/19 MP: 0/0
   104 | D:1      | Reached XP level 2. HP: 24/27 MP: 1/1
   398 | D:1      | Reached XP level 3. HP: 32/33 MP: 2/2
   920 | D:2      | Noticed Robin
   930 | D:2      | Killed Robin
   930 | D:2      | Reached XP level 4. HP: 20/40 MP: 3/3
  1406 | D:2      | Noticed Jessica
  1412 | D:2      | Killed Jessica
  1436 | D:2      | Found a deep blue altar of Sif Muna.
  1486 | D:2      | Found a bloodstained altar of Trog.
  1505 | D:2      | Became a worshipper of Trog the Wrathful
  1928 | D:3      | Found a hazy altar of Hepliaklqana.
  2097 | D:3      | Noticed an ice beast
  2104 | D:3      | Reached XP level 5. HP: 31/47 MP: 4/4
  2114 | D:3      | Killed from afar by an orc priest

Vault maps used:
D:1:      tarquinn_simple_flora_water_a
D:2:      led_sif_pool, minivault_25, trog_hazing_becter, uniq_robin,
          uniq_jessica
D:3:      old_standard_altar, ashenzari_conservatory_becter,
          yredelemnul_forgotten_temple_becter

Skill      XL: |  1  2  3  4 |
---------------+-------------+-----
Axes           | 3 4 |  4.4
Shields        | 4 |  4.5
Fighting       | 4 |  4.4
Armour         | 4 |  4.4

Action                   |  1- 3 |  4- 6 || total
-------------------------+-------+-------++-------
Melee: War axe           |    70 |    69 ||   139
       Headbutt          |    11 |     9 ||    20
  Eat: Chunk             |       |     4 ||     4
Armor: Scale mail        |    24 |    34 ||    58
Dodge: Dodged            |    21 |    30 ||    51
Block: Shield            |    41 |    56 ||    97

Table legend:
 A = Spawn XP
 B = Non-spawn XP
 C = Spawn XP percentage of total XP
 D = Spawn monster count
 E = Non-spawn monster count
 F = Spawn count percentage of total count
 G = Total turns spent on level
                    A         B        C        D         E        F      G
               +---------+---------+-------+---------+---------+-------+---------
         Total |       0 |     203 |   0.0 |       0 |      66 |   0.0 |  2114
               +---------+---------+-------+---------+---------+-------+---------
           D:1 |       0 |      47 |   0.0 |       0 |      23 |   0.0 |   712
           D:2 |       0 |     116 |   0.0 |       0 |      30 |   0.0 |   856
           D:3 |       0 |      40 |   0.0 |       0 |      13 |   0.0 |   546
               +---------+---------+-------+---------+---------+-------+---------
